Niagara IceDogs vs Adelaide Pink Elephants
Created - Sunday, June 18, 2023 at 07:02
Goals
|
| Niagara IceDogs |
1 |
1 |
3 |
5 |
| Adelaide Pink Elephants |
0 |
3 |
0 |
3 |
|
Shots
|
| Niagara IceDogs |
10 |
11 |
12 |
33 |
| Adelaide Pink Elephants |
7 |
10 |
9 |
26 |
|
1st period
1. Niagara IceDogs , Joachim Blichfeld 46 (Anthony Angello 24) at 15:47
Penalties :
Ryan Dzingel (APE) for Hooking (Minor) at 3:42, Philippe Myers (APE) for Roughing (Minor) at 6:12, Nick Cicek (APE) for Hooking (Minor) at 10:07, Kevin Stenlund (APE) for Fighting (Major) at 16:18, Jayden Halbgewachs (NID) for Fighting (Major) at 16:18
2nd period
2. Adelaide Pink Elephants , Ryan Suzuki 3 (Johan Larsson 64, Philippe Myers 34) at 7:43
3. Adelaide Pink Elephants , Ryan Dzingel 26 (Johan Larsson 65, Philippe Myers 35) at 10:53
4. Adelaide Pink Elephants , Adam Gaudette 42 (Kevin Stenlund 35) at 13:18 (SH)
5. Niagara IceDogs , Ian Mitchell 2 (Jayden Halbgewachs 34) at 13:24 (PP)
Penalties :
Philippe Myers (APE) for Hooking (Minor) at 0:56, John Ludvig (NID) for Tripping (Minor) at 7:14, Ryan Dzingel (APE) for Holding (Minor) at 7:27, Tyler Madden (APE) for Tripping (Minor) at 13:09, Declan Chisholm (APE) for Fighting (Major) at 13:25, Aliaksei Protas (NID) for Fighting (Major) at 13:25, Filip Kral (NID) for High sticking (Minor) at 15:42
3rd period
6. Niagara IceDogs , Rasmus Asplund 4 (Aliaksei Protas 47, Joseph Duszak 20) at 0:12
7. Niagara IceDogs , Chase Pearson 19 (Nicholas Robertson 14) at 2:39
8. Niagara IceDogs , James Hamblin 16 (Vasili Ponomarev 36) at 13:15
Penalties :
Marc McLaughlin (APE) for Hooking (Minor) at 10:40, Vasili Ponomarev (NID) for Tripping (Minor) at 16:06
Goalie Stats
Dylan Ferguson (NID), 23 saves from 26 shots - (0.885), W, 17-8-1, 60:00 minutes
Jet Greaves (APE), 28 saves from 33 shots - (0.848), L, 17-29-7, 60:00 minutes
Players Stats for Niagara IceDogs
Player Name G A P +/- PIM S H SB GA TA FO MP PP MP PK MP
------------------------------------------------------------------------------------
Alex Whelan 0 0 0 1 0 1 3 0 0 0 0/0 10:43 0:00 0:00
Aliaksei Protas 0 1 1 -1 5 1 1 0 0 1 0/0 18:11 5:02 1:02
Anthony Angello 0 1 1 1 0 0 3 0 0 0 0/3 18:05 5:16 0:00
Arttu Ruotsalainen 0 0 0 -2 0 4 6 0 0 0 1/1 19:59 5:07 1:57
Chase Pearson 1 0 1 1 0 3 2 1 0 0 2/2 10:02 0:00 0:59
Conor Timmins 0 0 0 0 0 0 2 0 1 0 0/0 22:57 4:52 1:44
Filip Kral 0 0 0 3 2 0 1 2 0 0 0/0 13:05 0:05 0:14
Ian Mitchell 1 0 1 -2 0 2 2 3 0 2 0/0 23:42 5:31 1:53
Jacob MacDonald 0 0 0 -2 0 1 2 3 0 0 0/0 23:18 5:31 1:53
James Hamblin 1 0 1 1 0 4 1 0 0 0 0/0 12:24 0:00 0:52
Jayden Halbgewachs 0 1 1 1 5 2 2 0 0 1 6/11 15:51 4:58 0:01
Joachim Blichfeld 1 0 1 1 0 4 0 1 0 0 2/4 19:37 5:16 1:21
John Ludvig 0 0 0 0 2 1 3 0 0 0 0/0 21:54 4:52 1:44
Joseph Duszak 0 1 1 3 0 0 0 1 0 0 0/0 13:53 0:00 0:34
Nicholas Robertson 0 1 1 1 0 3 1 2 1 0 0/1 9:20 0:00 0:47
Rasmus Asplund 1 0 1 -2 0 3 0 0 0 0 11/28 19:23 5:07 1:43
Tim Soderlund 0 0 0 1 0 0 1 0 0 0 0/0 8:18 0:00 0:00
Vasili Ponomarev 0 1 1 1 2 4 2 1 0 0 2/4 13:16 0:18 0:00
Players Stats for Adelaide Pink Elephants
Player Name G A P +/- PIM S H SB GA TA FO MP PP MP PK MP
------------------------------------------------------------------------------------
A.J. Greer 0 0 0 0 0 1 0 0 0 0 0/0 12:06 0:17 0:08
Adam Gaudette 1 0 1 -1 0 2 1 2 0 0 4/9 19:48 2:07 5:14
Akil Thomas 0 0 0 0 0 0 0 0 0 0 0/2 12:17 0:23 0:00
Axel Jonsson-Fjallby 0 0 0 -1 0 4 2 0 0 0 0/0 14:29 0:00 0:00
Ben Gleason 0 0 0 -3 0 1 2 2 0 0 0/0 15:29 1:23 0:12
Caleb Jones 0 0 0 2 0 5 0 0 0 2 0/0 23:34 1:42 5:30
Declan Chisholm 0 0 0 0 5 0 0 2 0 0 0/0 21:04 1:00 4:53
Johan Larsson 0 2 2 -1 0 3 3 0 0 0 16/25 23:24 2:09 4:48
Kevin Stenlund 0 1 1 0 5 2 0 1 0 0 8/12 19:08 1:10 5:16
Marc McLaughlin 0 0 0 0 2 0 0 0 0 0 0/0 3:02 0:29 0:00
Matthew Phillips 0 0 0 -1 0 0 2 0 1 0 0/0 15:03 1:10 0:00
Nick Cicek 0 0 0 -3 2 1 3 3 0 0 0/0 16:32 0:39 2:05
Philippe Myers 0 2 2 2 4 0 3 1 1 0 0/0 21:12 1:42 3:12
Riley Damiani 0 0 0 0 0 1 1 1 0 0 2/5 15:42 2:02 1:42
Robin Salo 0 0 0 0 0 0 3 2 0 0 0/0 22:18 2:02 4:54
Ryan Dzingel 1 0 1 -2 4 5 1 1 2 0 0/1 21:57 2:08 3:50
Ryan Suzuki 1 0 1 1 0 1 0 0 0 0 0/0 5:21 0:31 0:00
Tyler Madden 0 0 0 0 2 0 0 1 0 0 0/0 5:28 0:00 0:00
3 Stars
1 - Chase Pearson (NID)
2 - James Hamblin (NID)
3 - Joachim Blichfeld (NID)
Power Play
Niagara IceDogs - 1 on 7 Attempt(s) - 14.29%
Adelaide Pink Elephants - 0 on 3 Attempt(s) - 0.00%
Penalty Kill
Niagara IceDogs - 3 on 3 Attempt(s) - 100.00%
- Score 0 goal in Penalty Kill
Adelaide Pink Elephants - 6 on 7 Attempt(s) - 85.71%
- Score 1 goal in Penalty Kill
Team Stat
Niagara IceDogs - Hits : 32 - Faceoff Wins : 24 - Blocked Shots : 14 - Penalty Minutes : 16
Adelaide Pink Elephants - Hits : 21 - Faceoff Wins : 30 - Blocked Shots : 16 - Penalty Minutes : 24
Official
Referees : Mike Hasenfratz and Eric Furlatt
Linesman : Unknown
Game Notes
Kevin Stenlund and Jayden Halbgewachs fight to a draw at 16:18 of 1st period
Aliaksei Protas beats up Declan Chisholm at 13:25 of 2nd period
Niagara IceDogs
5 vs 5 Forward
Center Left Wing Right Wing Time % Phy DF OF
1 Rasmus Asplund Arttu Ruotsalainen Aliaksei Protas 30 1 2 2
2 Jayden Halbgewachs Joachim Blichfeld Anthony Angello 30 1 2 2
3 Vasili Ponomarev James Hamblin Alex Whelan 25 1 2 2
4 Chase Pearson Nicholas Robertson Tim Soderlund 15 1 2 2
5 vs 5 Defense
Defense Defense Time % Phy DF OF
1 Ian Mitchell Jacob MacDonald 35 1 2 2
2 Conor Timmins John Ludvig 35 1 2 2
3 Joseph Duszak Filip Kral 30 1 2 2
4 Ian Mitchell Jacob MacDonald 0 1 2 2
PowerPlay Forward
Center Left Wing Right Wing Time % Phy DF OF
1 Rasmus Asplund Arttu Ruotsalainen Aliaksei Protas 50 1 2 2
2 Jayden Halbgewachs Joachim Blichfeld Anthony Angello 50 1 2 2
PowerPlay Defense
Defense Defense Time % Phy DF OF
1 Ian Mitchell Jacob MacDonald 50 1 2 2
2 Conor Timmins John Ludvig 50 1 2 2
Penalty Kill 4 Players Forward
Center Wing Time % Phy DF OF
1 Rasmus Asplund Arttu Ruotsalainen 50 1 2 2
2 Aliaksei Protas Joachim Blichfeld 50 1 2 2
Penalty Kill 4 Players Defense
Defense Defense Time % Phy DF OF
1 Ian Mitchell Jacob MacDonald 50 1 2 2
2 Conor Timmins John Ludvig 50 1 2 2
Penalty Kill - 3 Players Forward
Forward Time % Phy DF OF
1 Rasmus Asplund 50 1 2 2
2 Arttu Ruotsalainen 50 1 2 2
Penalty Kill - 3 Players Defense
Defense Defense Time % Phy DF OF
1 Ian Mitchell Jacob MacDonald 50 1 2 2
2 Conor Timmins John Ludvig 50 1 2 2
4 vs 4 Forward
Center Wing Time % Phy DF OF
1 Rasmus Asplund Arttu Ruotsalainen 50 1 2 2
2 Aliaksei Protas Joachim Blichfeld 50 1 2 2
4 vs 4 Defense
Defense Defense Time % Phy DF OF
1 Ian Mitchell Jacob MacDonald 50 1 2 2
2 Conor Timmins John Ludvig 50 1 2 2
Last Minutes Offensive
Center Left Wing Right Wing Defense Defense
Rasmus Asplund Arttu Ruotsalainen Aliaksei Protas Ian Mitchell Jacob MacDonald
Last Minutes Defensive
Center Left Wing Right Wing Defense Defense
Rasmus Asplund Arttu Ruotsalainen Aliaksei Protas Ian Mitchell Jacob MacDonald
Goaltenders
Starting : Dylan Ferguson
Backup : Michael Dipietro
Extra Forwards
Normal : Vasili Ponomarev, James Hamblin, Chase Pearson - PP : Vasili Ponomarev, James Hamblin - PK : Chase Pearson
Extra Defensemen
Normal : Joseph Duszak, Filip Kral, Conor Timmins - PP : Joseph Duszak - PK : Filip Kral, Conor Timmins
Penalty Shots
Rasmus Asplund, Arttu Ruotsalainen, Aliaksei Protas, Joachim Blichfeld, Jayden Halbgewachs
Adelaide Pink Elephants
5 vs 5 Forward
Center Left Wing Right Wing Time % Phy DF OF
1 Johan Larsson Ryan Dzingel Adam Gaudette 30 1 2 2
2 Kevin Stenlund Axel Jonsson-Fjallby Matthew Phillips 30 1 2 2
3 Riley Damiani A.J. Greer Akil Thomas 25 1 2 2
4 Tyler Madden Johan Larsson Ryan Dzingel 15 1 2 2
5 vs 5 Defense
Defense Defense Time % Phy DF OF
1 Caleb Jones Philippe Myers 35 1 2 2
2 Robin Salo Declan Chisholm 35 1 2 2
3 Ben Gleason Nick Cicek 30 1 2 2
4 Caleb Jones Philippe Myers 0 1 2 2
PowerPlay Forward
Center Left Wing Right Wing Time % Phy DF OF
1 Johan Larsson Ryan Dzingel Adam Gaudette 50 1 2 2
2 Kevin Stenlund Riley Damiani Matthew Phillips 50 1 2 2
PowerPlay Defense
Defense Defense Time % Phy DF OF
1 Caleb Jones Philippe Myers 50 1 2 2
2 Robin Salo Declan Chisholm 50 1 2 2
Penalty Kill 4 Players Forward
Center Wing Time % Phy DF OF
1 Johan Larsson Ryan Dzingel 50 1 2 2
2 Adam Gaudette Kevin Stenlund 50 1 2 2
Penalty Kill 4 Players Defense
Defense Defense Time % Phy DF OF
1 Caleb Jones Philippe Myers 50 1 2 2
2 Robin Salo Declan Chisholm 50 1 2 2
Penalty Kill - 3 Players Forward
Forward Time % Phy DF OF
1 Johan Larsson 50 1 2 2
2 Ryan Dzingel 50 1 2 2
Penalty Kill - 3 Players Defense
Defense Defense Time % Phy DF OF
1 Caleb Jones Philippe Myers 50 1 2 2
2 Robin Salo Declan Chisholm 50 1 2 2
4 vs 4 Forward
Center Wing Time % Phy DF OF
1 Johan Larsson Ryan Dzingel 50 1 2 2
2 Adam Gaudette Kevin Stenlund 50 1 2 2
4 vs 4 Defense
Defense Defense Time % Phy DF OF
1 Caleb Jones Philippe Myers 50 1 2 2
2 Robin Salo Declan Chisholm 50 1 2 2
Last Minutes Offensive
Center Left Wing Right Wing Defense Defense
Johan Larsson Ryan Dzingel Adam Gaudette Caleb Jones Philippe Myers
Last Minutes Defensive
Center Left Wing Right Wing Defense Defense
Johan Larsson Ryan Dzingel Adam Gaudette Caleb Jones Philippe Myers
Goaltenders
Starting : Jet Greaves
Backup : Ryan Fanti
Extra Forwards
Normal : Ryan Suzuki, Marc McLaughlin, Riley Damiani - PP : Ryan Suzuki, Marc McLaughlin - PK : Riley Damiani
Extra Defensemen
Normal : Ben Gleason, Nick Cicek, Robin Salo - PP : Ben Gleason - PK : Nick Cicek, Robin Salo
Penalty Shots
Johan Larsson, Ryan Dzingel, Adam Gaudette, Kevin Stenlund, Matthew Phillips
% Time on Ice - Niagara IceDogs
Lines # - Real PCT - Wanted PCT - Time Play
Normal Forward
1 - 28% - 30% - 12:18
2 - 29% - 30% - 12:29
3 - 24% - 25% - 10:35
4 - 19% - 15% - 8:18
Normal Defense
1 - 35% - 35% - 15:15
2 - 36% - 35% - 15:37
3 - 29% - 30% - 12:48
4 - 0% - 0% - 0:00
PP Forward
1 - 49% - 50% - 5:07
2 - 51% - 50% - 5:16
PP Defense
1 - 53% - 50% - 5:31
2 - 47% - 50% - 4:52
PK Forward
1 - 41% - 50% - 1:43
2 - 59% - 50% - 2:28
PK Defense
1 - 51% - 50% - 2:07
2 - 49% - 50% - 2:04
PK3 Forward
1 - 0% - 50%
2 - 0% - 50%
PK3 Defense
1 - 0% - 50%
2 - 0% - 50%
44 Forward
1 - 55% - 50% - 0:58
2 - 45% - 50% - 0:48
44 Defense
1 - 54% - 50% - 0:57
2 - 46% - 50% - 0:49
Last Minute Offensive - 0:00
Last Minute Defensive - 0:00
Total
Forward - 60:00
Defense - 60:00
|
% Time on Ice - Adelaide Pink Elephants
Lines # - Real PCT - Wanted PCT - Time Play
Normal Forward
1 - 28% - 30% - 12:11
2 - 34% - 30% - 14:59
3 - 25% - 25% - 11:01
4 - 13% - 15% - 5:29
Normal Defense
1 - 35% - 35% - 15:12
2 - 35% - 35% - 15:23
3 - 30% - 30% - 13:05
4 - 0% - 0% - 0:00
PP Forward
1 - 51% - 50% - 2:09
2 - 49% - 50% - 2:02
PP Defense
1 - 29% - 50% - 1:12
2 - 71% - 50% - 2:59
PK Forward
1 - 48% - 50% - 5:02
2 - 52% - 50% - 5:21
PK Defense
1 - 54% - 50% - 5:36
2 - 46% - 50% - 4:47
PK3 Forward
1 - 0% - 50%
2 - 0% - 50%
PK3 Defense
1 - 0% - 50%
2 - 0% - 50%
44 Forward
1 - 64% - 50% - 1:08
2 - 36% - 50% - 0:38
44 Defense
1 - 56% - 50% - 0:59
2 - 44% - 50% - 0:47
Last Minute Offensive - 0:00
Last Minute Defensive - 0:00
Total
Forward - 60:00
Defense - 60:00
|
Play-by-Play
1st period
0:01 of 1st period - Johan Larsson wins face-off versus Rasmus Asplund in neutral zone.
0:04 of 1st period - Slapshot by Ryan Dzingel.
0:04 of 1st period - Shot Misses the Net.
0:10 of 1st period - Wrist shot by Arttu Ruotsalainen.
0:10 of 1st period - Stopped by Jet Greaves without a rebound.
0:11 of 1st period - Jayden Halbgewachs wins face-off versus Kevin Stenlund in Adelaide Pink Elephants zone.
0:36 of 1st period - A.J. Greer is hit by James Hamblin and loses puck.
0:45 of 1st period - Wrist shot by James Hamblin.
0:45 of 1st period - Shot Blocked by Riley Damiani.
1:09 of 1st period - Snap shot by Nicholas Robertson.
1:09 of 1st period - Shot Misses the Net.
1:46 of 1st period - Caleb Jones is hit by Anthony Angello and loses puck.
3:42 of 1st period - Minor Penalty to Ryan Dzingel for Hooking.
3:43 of 1st period - Adam Gaudette wins face-off versus Rasmus Asplund in Adelaide Pink Elephants zone.
3:52 of 1st period - Wrist shot by Adam Gaudette.
3:52 of 1st period - Stopped by Dylan Ferguson with a rebound.
4:16 of 1st period - Snap shot by Jayden Halbgewachs.
4:16 of 1st period - Stopped by Jet Greaves with a rebound.
4:28 of 1st period - Slapshot by Arttu Ruotsalainen.
4:28 of 1st period - Stopped by Jet Greaves without a rebound.
4:29 of 1st period - Johan Larsson wins face-off versus Rasmus Asplund in Adelaide Pink Elephants zone.
4:56 of 1st period - Declan Chisholm is hit by Conor Timmins.
5:10 of 1st period - Robin Salo is hit by Arttu Ruotsalainen and loses puck.
5:42 of 1st period - Penalty to Ryan Dzingel is over, Ryan Dzingel is back on ice.
6:12 of 1st period - Minor Penalty to Philippe Myers for Roughing.
6:13 of 1st period - Rasmus Asplund wins face-off versus Johan Larsson in Adelaide Pink Elephants zone.
7:37 of 1st period - Ryan Dzingel is hit by Jayden Halbgewachs.
7:47 of 1st period - Rasmus Asplund is hit by Riley Damiani.
8:12 of 1st period - Penalty to Philippe Myers is over, Philippe Myers is back on ice.
8:31 of 1st period - Conor Timmins is hit by Nick Cicek and loses puck.
8:42 of 1st period - Slapshot by Axel Jonsson-Fjallby.
8:42 of 1st period - Stopped by Dylan Ferguson without a rebound.
8:43 of 1st period - Riley Damiani wins face-off versus Nicholas Robertson in Niagara IceDogs zone.
8:48 of 1st period - Backhand shot by A.J. Greer.
8:48 of 1st period - Shot Misses the Net.
8:50 of 1st period - Wrist shot by A.J. Greer.
8:50 of 1st period - Deflect By Riley Damiani.
8:50 of 1st period - Stopped by Dylan Ferguson without a rebound.
8:51 of 1st period - Chase Pearson wins face-off versus Riley Damiani in Niagara IceDogs zone.
9:15 of 1st period - Off-side.
9:16 of 1st period - Johan Larsson wins face-off versus Jayden Halbgewachs in neutral zone.
9:23 of 1st period - Wrist shot by Johan Larsson.
9:23 of 1st period - Stopped by Dylan Ferguson without a rebound.
9:24 of 1st period - Johan Larsson wins face-off versus Rasmus Asplund in Niagara IceDogs zone.
9:53 of 1st period - Off-side.
9:54 of 1st period - Joachim Blichfeld wins face-off versus Kevin Stenlund in neutral zone.
10:03 of 1st period - Snap shot by Joachim Blichfeld.
10:03 of 1st period - Deflect By Jayden Halbgewachs.
10:03 of 1st period - Shot Blocked by Kevin Stenlund.
10:03 of 1st period - Puck is out of play.
10:04 of 1st period - Johan Larsson wins face-off versus Rasmus Asplund in Adelaide Pink Elephants zone.
10:04 of 1st period - Johan Larsson is hit by Arttu Ruotsalainen.
10:07 of 1st period - Minor Penalty to Nick Cicek for Hooking.
10:08 of 1st period - Johan Larsson wins face-off versus Rasmus Asplund in Adelaide Pink Elephants zone.
10:20 of 1st period - Slapshot by Kevin Stenlund.
10:20 of 1st period - Shot Misses the Net.
11:34 of 1st period - Robin Salo is hit by Arttu Ruotsalainen and loses puck.
12:02 of 1st period - Icing by Jacob MacDonald.
12:03 of 1st period - Rasmus Asplund wins face-off versus Riley Damiani in Niagara IceDogs zone.
12:07 of 1st period - Penalty to Nick Cicek is over, Nick Cicek is back on ice.
12:27 of 1st period - Wrist shot by Vasili Ponomarev.
12:27 of 1st period - Stopped by Jet Greaves with a rebound.
13:29 of 1st period - Off-side.
13:30 of 1st period - Vasili Ponomarev wins face-off versus Ryan Dzingel in neutral zone.
13:37 of 1st period - James Hamblin is hit by Philippe Myers and loses puck.
14:13 of 1st period - A.J. Greer is hit by Ian Mitchell and loses puck.
14:18 of 1st period - Slapshot by Nicholas Robertson.
14:18 of 1st period - Stopped by Jet Greaves with a rebound.
14:24 of 1st period - Snap shot by A.J. Greer.
14:24 of 1st period - Stopped by Dylan Ferguson with a rebound.
14:26 of 1st period - Slapshot by Caleb Jones.
14:26 of 1st period - Shot Blocked by Chase Pearson.
14:28 of 1st period - Wrist shot by Akil Thomas.
14:28 of 1st period - Deflect By Riley Damiani.
14:28 of 1st period - Shot Blocked by Joseph Duszak.
14:28 of 1st period - Puck is out of play.
14:29 of 1st period - Johan Larsson wins face-off versus Jayden Halbgewachs in Niagara IceDogs zone.
14:36 of 1st period - Snap shot by Ryan Dzingel.
14:36 of 1st period - Stopped by Dylan Ferguson with a rebound.
14:38 of 1st period - Backhand shot by Declan Chisholm.
14:38 of 1st period - Shot Misses the Net.
14:44 of 1st period - Snap shot by Ryan Dzingel.
14:44 of 1st period - Stopped by Dylan Ferguson with a rebound.
14:54 of 1st period - Declan Chisholm is hit by Conor Timmins and loses puck.
15:13 of 1st period - Snap shot by Johan Larsson.
15:13 of 1st period - Shot Blocked by Jacob MacDonald.
15:15 of 1st period - Snap shot by Nick Cicek.
15:15 of 1st period - Shot Blocked by Jacob MacDonald.
15:29 of 1st period - Wrist shot by Nicholas Robertson.
15:29 of 1st period - Stopped by Jet Greaves with a rebound.
15:35 of 1st period - Wrist shot by Jacob MacDonald.
15:35 of 1st period - Shot Blocked by Ben Gleason.
15:37 of 1st period - Slapshot by Jacob MacDonald.
15:37 of 1st period - Shot Blocked by Nick Cicek.
15:47 of 1st period - Slapshot by Joachim Blichfeld.
15:47 of 1st period - Goal by Joachim Blichfeld - Niagara IceDogs : 1 - Adelaide Pink Elephants : 0.
15:48 of 1st period - Johan Larsson wins face-off versus Anthony Angello in neutral zone.
16:13 of 1st period - Icing by Conor Timmins.
16:14 of 1st period - Kevin Stenlund wins face-off versus Jayden Halbgewachs in Niagara IceDogs zone.
16:18 of 1st period - Kevin Stenlund and Jayden Halbgewachs fight to a draw.
16:18 of 1st period - Penalty to Kevin Stenlund for Fighting.
16:18 of 1st period - Penalty to Jayden Halbgewachs for Fighting.
16:19 of 1st period - Johan Larsson wins face-off versus Rasmus Asplund in Niagara IceDogs zone.
16:30 of 1st period - Wrist shot by Rasmus Asplund.
16:30 of 1st period - Shot Misses the Net.
16:32 of 1st period - Slapshot by Rasmus Asplund.
16:32 of 1st period - Stopped by Jet Greaves with a rebound.
16:55 of 1st period - Matthew Phillips is hit by Anthony Angello and loses puck.
17:12 of 1st period - Snap shot by Nicholas Robertson.
17:12 of 1st period - Shot Misses the Net.
17:14 of 1st period - Snap shot by Chase Pearson.
17:14 of 1st period - Stopped by Jet Greaves with a rebound.
17:16 of 1st period - Snap shot by Nicholas Robertson.
17:16 of 1st period - Stopped by Jet Greaves with a rebound.
18:14 of 1st period - Johan Larsson is hit by John Ludvig and loses puck.
Goals for this period are 1 for Niagara IceDogs vs 0 for Adelaide Pink Elephants.
Shots for this period are 10 for Niagara IceDogs vs 7 for Adelaide Pink Elephants.
2nd period
0:01 of 2nd period - Johan Larsson wins face-off versus Rasmus Asplund in neutral zone.
0:08 of 2nd period - Wrist shot by Ryan Dzingel.
0:08 of 2nd period - Shot Blocked by Jacob MacDonald.
0:16 of 2nd period - Wrist shot by Aliaksei Protas.
0:16 of 2nd period - Shot Blocked by Robin Salo.
0:39 of 2nd period - Conor Timmins is hit by Matthew Phillips and loses puck.
0:50 of 2nd period - Caleb Jones is hit by Nicholas Robertson and loses puck.
0:56 of 2nd period - Minor Penalty to Philippe Myers for Hooking.
0:57 of 2nd period - Johan Larsson wins face-off versus Vasili Ponomarev in Adelaide Pink Elephants zone.
1:18 of 2nd period - Penalty to Kevin Stenlund is over, Kevin Stenlund is back on ice.
1:22 of 2nd period - Ryan Dzingel is hit by Arttu Ruotsalainen and loses puck.
1:29 of 2nd period - Snap shot by Aliaksei Protas.
1:29 of 2nd period - Stopped by Jet Greaves without a rebound.
1:30 of 2nd period - Jayden Halbgewachs wins face-off versus Adam Gaudette in Adelaide Pink Elephants zone.
1:33 of 2nd period - Snap shot by Jayden Halbgewachs.
1:33 of 2nd period - Shot Misses the Net.
1:35 of 2nd period - Snap shot by Joachim Blichfeld.
1:35 of 2nd period - Shot Misses the Net.
1:37 of 2nd period - Wrist shot by Anthony Angello.
1:37 of 2nd period - Deflect By Robin Salo.
1:37 of 2nd period - Shot Blocked by Adam Gaudette.
1:37 of 2nd period - Puck is out of play.
1:38 of 2nd period - Adam Gaudette wins face-off versus Jayden Halbgewachs in Adelaide Pink Elephants zone.
1:47 of 2nd period - Snap shot by Jayden Halbgewachs.
1:47 of 2nd period - Shot Misses the Net.
1:49 of 2nd period - Slapshot by John Ludvig.
1:49 of 2nd period - Deflect By Johan Larsson.
1:49 of 2nd period - Stopped by Jet Greaves without a rebound.
1:50 of 2nd period - Rasmus Asplund wins face-off versus Johan Larsson in Adelaide Pink Elephants zone.
2:56 of 2nd period - Penalty to Philippe Myers is over, Philippe Myers is back on ice.
3:09 of 2nd period - Slapshot by Riley Damiani.
3:09 of 2nd period - Shot Blocked by Vasili Ponomarev.
3:27 of 2nd period - Snap shot by Riley Damiani.
3:27 of 2nd period - Deflect By Chase Pearson.
3:27 of 2nd period - Shot Blocked by Nicholas Robertson.
3:27 of 2nd period - Puck is out of play.
3:28 of 2nd period - Chase Pearson wins face-off versus Johan Larsson in Niagara IceDogs zone.
3:45 of 2nd period - Chase Pearson is hit by Johan Larsson and loses puck.
3:58 of 2nd period - Slapshot by Kevin Stenlund.
3:58 of 2nd period - Stopped by Dylan Ferguson with a rebound.
4:00 of 2nd period - Slapshot by Axel Jonsson-Fjallby.
4:00 of 2nd period - Shot Misses the Net.
5:00 of 2nd period - Vasili Ponomarev is hit by Johan Larsson and loses puck.
5:27 of 2nd period - Snap shot by James Hamblin.
5:27 of 2nd period - Deflect By Vasili Ponomarev.
5:27 of 2nd period - Shot Misses the Net.
5:27 of 2nd period - Puck is out of play.
5:28 of 2nd period - Kevin Stenlund wins face-off versus Vasili Ponomarev in Adelaide Pink Elephants zone.
5:35 of 2nd period - Axel Jonsson-Fjallby is hit by Vasili Ponomarev and loses puck.
5:42 of 2nd period - Snap shot by James Hamblin.
5:42 of 2nd period - Shot Misses the Net.
6:15 of 2nd period - Ryan Dzingel is hit by Chase Pearson and loses puck.
6:26 of 2nd period - Chase Pearson is hit by Adam Gaudette and loses puck.
7:02 of 2nd period - Robin Salo is hit by Jacob MacDonald and loses puck.
7:11 of 2nd period - Slapshot by Kevin Stenlund.
7:11 of 2nd period - Stopped by Dylan Ferguson without a rebound.
7:12 of 2nd period - Arttu Ruotsalainen wins face-off versus Akil Thomas in Niagara IceDogs zone.
7:14 of 2nd period - Minor Penalty to John Ludvig for Tripping.
7:15 of 2nd period - Rasmus Asplund wins face-off versus Johan Larsson in Niagara IceDogs zone.
7:27 of 2nd period - Minor Penalty to Ryan Dzingel for Holding.
7:28 of 2nd period - Johan Larsson wins face-off versus Rasmus Asplund in Adelaide Pink Elephants zone.
7:37 of 2nd period - Slapshot by Caleb Jones.
7:37 of 2nd period - Shot Misses the Net.
7:39 of 2nd period - Slapshot by Philippe Myers.
7:39 of 2nd period - Shot Misses the Net.
7:41 of 2nd period - Wrist shot by Ryan Suzuki.
7:41 of 2nd period - Shot Misses the Net.
7:43 of 2nd period - Slapshot by Johan Larsson.
7:43 of 2nd period - Deflect By Ryan Suzuki.
7:43 of 2nd period - Goal by Ryan Suzuki - Niagara IceDogs : 1 - Adelaide Pink Elephants : 1.
7:44 of 2nd period - Joachim Blichfeld wins face-off versus Adam Gaudette in neutral zone.
7:55 of 2nd period - Wrist shot by Robin Salo.
7:55 of 2nd period - Shot Misses the Net.
9:14 of 2nd period - Penalty to John Ludvig is over, John Ludvig is back on ice.
9:27 of 2nd period - Penalty to Ryan Dzingel is over, Ryan Dzingel is back on ice.
9:44 of 2nd period - James Hamblin is hit by Nick Cicek and loses puck.
10:09 of 2nd period - Snap shot by James Hamblin.
10:09 of 2nd period - Shot Blocked by Declan Chisholm.
10:11 of 2nd period - Snap shot by Vasili Ponomarev.
10:11 of 2nd period - Stopped by Jet Greaves without a rebound.
10:12 of 2nd period - Kevin Stenlund wins face-off versus Rasmus Asplund in Adelaide Pink Elephants zone.
10:24 of 2nd period - Slapshot by Axel Jonsson-Fjallby.
10:24 of 2nd period - Deflect By Matthew Phillips.
10:24 of 2nd period - Shot Blocked by Ian Mitchell.
10:24 of 2nd period - Puck is out of play.
10:25 of 2nd period - Kevin Stenlund wins face-off versus Joachim Blichfeld in Niagara IceDogs zone.
10:26 of 2nd period - Snap shot by Axel Jonsson-Fjallby.
10:26 of 2nd period - Shot Blocked by Ian Mitchell.
10:36 of 2nd period - Anthony Angello is hit by Philippe Myers and loses puck.
10:53 of 2nd period - Wrist shot by Ryan Dzingel.
10:53 of 2nd period - Goal by Ryan Dzingel - Niagara IceDogs : 1 - Adelaide Pink Elephants : 2.
10:54 of 2nd period - Rasmus Asplund wins face-off versus Kevin Stenlund in neutral zone.
11:26 of 2nd period - Slapshot by Joachim Blichfeld.
11:26 of 2nd period - Stopped by Jet Greaves without a rebound.
11:27 of 2nd period - Jayden Halbgewachs wins face-off versus Johan Larsson in Adelaide Pink Elephants zone.
11:30 of 2nd period - Snap shot by Jayden Halbgewachs.
11:30 of 2nd period - Stopped by Jet Greaves with a rebound.
11:32 of 2nd period - Wrist shot by Jayden Halbgewachs.
11:32 of 2nd period - Shot Misses the Net.
11:34 of 2nd period - Slapshot by Ian Mitchell.
11:34 of 2nd period - Shot Blocked by Philippe Myers.
11:36 of 2nd period - Slapshot by Ian Mitchell.
11:36 of 2nd period - Shot Blocked by Ryan Dzingel.
11:38 of 2nd period - Slapshot by Jacob MacDonald.
11:38 of 2nd period - Stopped by Jet Greaves with a rebound.
11:40 of 2nd period - Wrist shot by Anthony Angello.
11:40 of 2nd period - Shot Misses the Net.
11:42 of 2nd period - Snap shot by Joachim Blichfeld.
11:42 of 2nd period - Stopped by Jet Greaves without a rebound.
11:43 of 2nd period - Rasmus Asplund wins face-off versus Kevin Stenlund in Adelaide Pink Elephants zone.
12:10 of 2nd period - Jayden Halbgewachs is hit by Ryan Dzingel and loses puck.
12:31 of 2nd period - Slapshot by James Hamblin.
12:31 of 2nd period - Shot Misses the Net.
12:33 of 2nd period - Slapshot by James Hamblin.
12:33 of 2nd period - Deflect By Robin Salo.
12:33 of 2nd period - Stopped by Jet Greaves with a rebound.
12:35 of 2nd period - Wrist shot by James Hamblin.
12:35 of 2nd period - Shot Blocked by Robin Salo.
12:37 of 2nd period - Snap shot by Alex Whelan.
12:37 of 2nd period - Stopped by Jet Greaves with a rebound.
12:39 of 2nd period - Snap shot by Vasili Ponomarev.
12:39 of 2nd period - Stopped by Jet Greaves with a rebound.
12:49 of 2nd period - Chase Pearson is hit by Robin Salo and loses puck.
12:56 of 2nd period - Snap shot by Kevin Stenlund.
12:56 of 2nd period - Shot Misses the Net.
13:09 of 2nd period - Minor Penalty to Tyler Madden for Tripping.
13:10 of 2nd period - Adam Gaudette wins face-off versus Rasmus Asplund in Adelaide Pink Elephants zone.
13:14 of 2nd period - Off-side.
13:15 of 2nd period - Adam Gaudette wins face-off versus Rasmus Asplund in neutral zone.
13:18 of 2nd period - Snap shot by Adam Gaudette.
13:18 of 2nd period - Goal by Adam Gaudette - Niagara IceDogs : 1 - Adelaide Pink Elephants : 3.
13:19 of 2nd period - Jayden Halbgewachs wins face-off versus Adam Gaudette in neutral zone.
13:24 of 2nd period - Slapshot by Ian Mitchell.
13:24 of 2nd period - Goal by Ian Mitchell - Niagara IceDogs : 2 - Adelaide Pink Elephants : 3.
13:25 of 2nd period - Rasmus Asplund wins face-off versus Johan Larsson in neutral zone.
13:25 of 2nd period - Aliaksei Protas beats up Declan Chisholm.
13:25 of 2nd period - Penalty to Declan Chisholm for Fighting.
13:25 of 2nd period - Penalty to Aliaksei Protas for Fighting.
13:26 of 2nd period - Rasmus Asplund wins face-off versus Johan Larsson in neutral zone.
13:36 of 2nd period - Wrist shot by Ryan Dzingel.
13:36 of 2nd period - Shot Blocked by Filip Kral.
13:38 of 2nd period - Wrist shot by Ryan Dzingel.
13:38 of 2nd period - Shot Misses the Net.
13:40 of 2nd period - Snap shot by Ben Gleason.
13:40 of 2nd period - Shot Blocked by Filip Kral.
13:42 of 2nd period - Snap shot by Johan Larsson.
13:42 of 2nd period - Stopped by Dylan Ferguson without a rebound.
13:43 of 2nd period - Kevin Stenlund wins face-off versus Anthony Angello in Niagara IceDogs zone.
13:44 of 2nd period - Slapshot by Caleb Jones.
13:44 of 2nd period - Stopped by Dylan Ferguson without a rebound.
13:45 of 2nd period - Kevin Stenlund wins face-off versus Joachim Blichfeld in Niagara IceDogs zone.
13:50 of 2nd period - Wrist shot by Axel Jonsson-Fjallby.
13:50 of 2nd period - Stopped by Dylan Ferguson without a rebound.
13:51 of 2nd period - Kevin Stenlund wins face-off versus Anthony Angello in Niagara IceDogs zone.
15:18 of 2nd period - Snap shot by Jayden Halbgewachs.
15:18 of 2nd period - Shot Misses the Net.
15:24 of 2nd period - Caleb Jones is hit by Jayden Halbgewachs and loses puck.
15:31 of 2nd period - Slapshot by Philippe Myers.
15:31 of 2nd period - Shot Misses the Net.
15:33 of 2nd period - Backhand shot by Philippe Myers.
15:33 of 2nd period - Shot Blocked by Joachim Blichfeld.
15:35 of 2nd period - Slapshot by Caleb Jones.
15:35 of 2nd period - Stopped by Dylan Ferguson with a rebound.
15:37 of 2nd period - Wrist shot by Matthew Phillips.
15:37 of 2nd period - Shot Blocked by Ian Mitchell.
15:39 of 2nd period - Wrist shot by Axel Jonsson-Fjallby.
15:39 of 2nd period - Stopped by Dylan Ferguson without a rebound.
15:40 of 2nd period - Rasmus Asplund wins face-off versus Johan Larsson in Niagara IceDogs zone.
15:42 of 2nd period - Minor Penalty to Filip Kral for High sticking.
15:43 of 2nd period - Johan Larsson wins face-off versus Rasmus Asplund in Niagara IceDogs zone.
15:51 of 2nd period - Snap shot by Rasmus Asplund.
15:51 of 2nd period - Shot Misses the Net.
16:31 of 2nd period - Conor Timmins is hit by Robin Salo and loses puck.
17:18 of 2nd period - Arttu Ruotsalainen is hit by Nick Cicek.
17:35 of 2nd period - Joseph Duszak is hit by Ben Gleason and loses puck.
17:42 of 2nd period - Penalty to Filip Kral is over, Filip Kral is back on ice.
18:40 of 2nd period - Declan Chisholm is hit by Alex Whelan and loses puck.
Goals for this period are 1 for Niagara IceDogs vs 3 for Adelaide Pink Elephants.
Shots for this period are 11 for Niagara IceDogs vs 10 for Adelaide Pink Elephants.
3rd period
0:01 of 3rd period - Rasmus Asplund wins face-off versus Johan Larsson in neutral zone.
0:04 of 3rd period - Slapshot by Arttu Ruotsalainen.
0:04 of 3rd period - Shot Blocked by Nick Cicek.
0:06 of 3rd period - Slapshot by Filip Kral.
0:06 of 3rd period - Shot Misses the Net.
0:08 of 3rd period - Slapshot by Joseph Duszak.
0:08 of 3rd period - Shot Blocked by Ben Gleason.
0:10 of 3rd period - Wrist shot by Aliaksei Protas.
0:10 of 3rd period - Shot Misses the Net.
0:12 of 3rd period - Wrist shot by Rasmus Asplund.
0:12 of 3rd period - Goal by Rasmus Asplund - Niagara IceDogs : 3 - Adelaide Pink Elephants : 3.
0:13 of 3rd period - Johan Larsson wins face-off versus Rasmus Asplund in neutral zone.
0:45 of 3rd period - Snap shot by James Hamblin.
0:45 of 3rd period - Stopped by Jet Greaves with a rebound.
0:47 of 3rd period - Slapshot by Filip Kral.
0:47 of 3rd period - Shot Misses the Net.
1:22 of 3rd period - Robin Salo is hit by Filip Kral and loses puck.
1:51 of 3rd period - Wrist shot by Rasmus Asplund.
1:51 of 3rd period - Shot Misses the Net.
2:01 of 3rd period - Johan Larsson is hit by John Ludvig and loses puck.
2:08 of 3rd period - Snap shot by James Hamblin.
2:08 of 3rd period - Shot Misses the Net.
2:10 of 3rd period - Wrist shot by James Hamblin.
2:10 of 3rd period - Shot Misses the Net.
2:26 of 3rd period - Robin Salo is hit by Ian Mitchell and loses puck.
2:39 of 3rd period - Snap shot by Chase Pearson.
2:39 of 3rd period - Goal by Chase Pearson - Niagara IceDogs : 4 - Adelaide Pink Elephants : 3.
2:40 of 3rd period - Rasmus Asplund wins face-off versus Akil Thomas in neutral zone.
2:47 of 3rd period - Wrist shot by Aliaksei Protas.
2:47 of 3rd period - Shot Misses the Net.
3:05 of 3rd period - Vasili Ponomarev is hit by Axel Jonsson-Fjallby and loses puck.
3:30 of 3rd period - Backhand shot by Ryan Dzingel.
3:30 of 3rd period - Shot Blocked by Nicholas Robertson.
3:32 of 3rd period - Snap shot by Johan Larsson.
3:32 of 3rd period - Shot Misses the Net.
3:34 of 3rd period - Slapshot by Caleb Jones.
3:34 of 3rd period - Deflect By Conor Timmins.
3:34 of 3rd period - Stopped by Dylan Ferguson with a rebound.
3:54 of 3rd period - Nicholas Robertson is hit by Philippe Myers and loses puck.
4:07 of 3rd period - Aliaksei Protas is hit by Axel Jonsson-Fjallby and loses puck.
4:14 of 3rd period - Slapshot by John Ludvig.
4:14 of 3rd period - Shot Blocked by Declan Chisholm.
4:16 of 3rd period - Wrist shot by Arttu Ruotsalainen.
4:16 of 3rd period - Stopped by Jet Greaves with a rebound.
4:38 of 3rd period - Slapshot by Jayden Halbgewachs.
4:38 of 3rd period - Shot Blocked by Tyler Madden.
4:52 of 3rd period - Akil Thomas is hit by Alex Whelan and loses puck.
6:10 of 3rd period - Nick Cicek is hit by Alex Whelan and loses puck.
6:33 of 3rd period - Tim Soderlund is hit by Matthew Phillips and loses puck.
7:40 of 3rd period - Philippe Myers is hit by Chase Pearson and loses puck.
8:23 of 3rd period - Tyler Madden is hit by Arttu Ruotsalainen.
9:28 of 3rd period - Wrist shot by Marc McLaughlin.
9:28 of 3rd period - Shot Misses the Net.
9:30 of 3rd period - Slapshot by Ben Gleason.
9:30 of 3rd period - Stopped by Dylan Ferguson with a rebound.
9:46 of 3rd period - Caleb Jones is hit by Tim Soderlund and loses puck.
10:11 of 3rd period - Axel Jonsson-Fjallby is hit by Aliaksei Protas and loses puck.
10:40 of 3rd period - Minor Penalty to Marc McLaughlin for Hooking.
10:41 of 3rd period - Jayden Halbgewachs wins face-off versus Adam Gaudette in Adelaide Pink Elephants zone.
10:46 of 3rd period - Snap shot by Jayden Halbgewachs.
10:46 of 3rd period - Shot Blocked by Adam Gaudette.
10:48 of 3rd period - Slapshot by Ian Mitchell.
10:48 of 3rd period - Stopped by Jet Greaves without a rebound.
10:49 of 3rd period - Jayden Halbgewachs wins face-off versus Adam Gaudette in Adelaide Pink Elephants zone.
12:16 of 3rd period - Philippe Myers is hit by Anthony Angello and loses puck.
12:40 of 3rd period - Penalty to Marc McLaughlin is over, Marc McLaughlin is back on ice.
12:57 of 3rd period - Snap shot by Vasili Ponomarev.
12:57 of 3rd period - Stopped by Jet Greaves without a rebound.
12:58 of 3rd period - Vasili Ponomarev wins face-off versus Riley Damiani in Adelaide Pink Elephants zone.
12:59 of 3rd period - Snap shot by James Hamblin.
12:59 of 3rd period - Shot Misses the Net.
13:01 of 3rd period - Wrist shot by James Hamblin.
13:01 of 3rd period - Shot Blocked by Nick Cicek.
13:03 of 3rd period - Slapshot by James Hamblin.
13:03 of 3rd period - Stopped by Jet Greaves with a rebound.
13:13 of 3rd period - Wrist shot by James Hamblin.
13:13 of 3rd period - Shot Misses the Net.
13:15 of 3rd period - Snap shot by James Hamblin.
13:15 of 3rd period - Goal by James Hamblin - Niagara IceDogs : 5 - Adelaide Pink Elephants : 3.
13:16 of 3rd period - Johan Larsson wins face-off versus Rasmus Asplund in neutral zone.
13:31 of 3rd period - Snap shot by Arttu Ruotsalainen.
13:31 of 3rd period - Stopped by Jet Greaves with a rebound.
13:41 of 3rd period - Ryan Dzingel is hit by Jacob MacDonald and loses puck.
13:48 of 3rd period - Wrist shot by Ryan Dzingel.
13:48 of 3rd period - Stopped by Dylan Ferguson with a rebound.
13:50 of 3rd period - Slapshot by Nick Cicek.
13:50 of 3rd period - Stopped by Dylan Ferguson with a rebound.
14:14 of 3rd period - Snap shot by James Hamblin.
14:14 of 3rd period - Shot Misses the Net.
14:22 of 3rd period - Jacob MacDonald is hit by Ben Gleason and loses puck.
14:27 of 3rd period - Snap shot by Johan Larsson.
14:27 of 3rd period - Shot Misses the Net.
14:29 of 3rd period - Snap shot by Johan Larsson.
14:29 of 3rd period - Stopped by Dylan Ferguson with a rebound.
14:31 of 3rd period - Slapshot by Ryan Dzingel.
14:31 of 3rd period - Stopped by Dylan Ferguson without a rebound.
14:32 of 3rd period - Kevin Stenlund wins face-off versus Rasmus Asplund in Niagara IceDogs zone.
14:47 of 3rd period - Snap shot by Rasmus Asplund.
14:47 of 3rd period - Stopped by Jet Greaves without a rebound.
14:48 of 3rd period - Riley Damiani wins face-off versus Jayden Halbgewachs in Adelaide Pink Elephants zone.
14:48 of 3rd period - Riley Damiani is hit by John Ludvig.
15:02 of 3rd period - Snap shot by Joachim Blichfeld.
15:02 of 3rd period - Stopped by Jet Greaves with a rebound.
15:20 of 3rd period - Snap shot by Axel Jonsson-Fjallby.
15:20 of 3rd period - Stopped by Dylan Ferguson with a rebound.
15:22 of 3rd period - Wrist shot by Caleb Jones.
15:22 of 3rd period - Stopped by Dylan Ferguson with a rebound.
15:24 of 3rd period - Slapshot by Caleb Jones.
15:24 of 3rd period - Stopped by Dylan Ferguson with a rebound.
15:36 of 3rd period - Snap shot by Nicholas Robertson.
15:36 of 3rd period - Deflect By Chase Pearson.
15:36 of 3rd period - Stopped by Jet Greaves with a rebound.
15:52 of 3rd period - Robin Salo is hit by Vasili Ponomarev.
16:06 of 3rd period - Minor Penalty to Vasili Ponomarev for Tripping.
16:07 of 3rd period - Johan Larsson wins face-off versus Rasmus Asplund in Niagara IceDogs zone.
17:04 of 3rd period - Kevin Stenlund is hit by Arttu Ruotsalainen and loses puck.
18:06 of 3rd period - Penalty to Vasili Ponomarev is over, Vasili Ponomarev is back on ice.
18:07 of 3rd period - Joseph Duszak is hit by Robin Salo and loses puck.
18:20 of 3rd period - Snap shot by Joseph Duszak.
18:20 of 3rd period - Shot Misses the Net.
19:24 of 3rd period - Arttu Ruotsalainen is hit by Johan Larsson and loses puck.
Goals for this period are 3 for Niagara IceDogs vs 0 for Adelaide Pink Elephants.
Shots for this period are 12 for Niagara IceDogs vs 9 for Adelaide Pink Elephants.
Back to the Top